AoeStats
← kevinrgarciab

Nomad

510006326Analyzed
2v2 RM · 4d ago on Sep 29, 2026· 55m 4s· 4 players
Game mode
Random Map
Map size
176×176
Population
200
Speed
Normal
Resources
Standard
Victory
Conquest
Starting age
Dark Age
Ending age
Imperial Age
RankedLock teamsTeams togetherTeam positionsShared explorationLock speedFull tech treeHidden civsTurbo modeCheats
Victory
Defeat
🇭🇰 Wu · Hong Kong SAR China
1015
+16
🇻🇪 Mongols · Venezuela
961
+18
🇺🇸 Koreans · United States
1030
-18
🇫🇷 Chinese · France
994
-16
AoeAuthority.com
5:16 Loom
15:52 Feudal Age
17:09 Double-Bit Axe
20:17 Castle Age
19:31 Fletching
19:39 Gold Mining
21:41 Crossbowman
22:39 Bodkin Arrow
26:21 Ballistics
27:55 Bow Saw
29:11 Thumb Ring
31:28 Fishing Lines
34:41 Wheelbarrow
38:30 Horse Collar
40:52 Scale Mail Armor
41:12 Pikeman
45:16 Imperial Age
43:22 Squires
43:07 Arson
44:54 Hand Cart
46:00 Arbalester
47:38 Town Watch
49:03 Chemistry
47:36 Halberdier
49:42 Town Patrol
51:55 Elite Fire Lancer
53:26 Chain Mail Armor
53:22 Forging
53:13 Bracer
54:33 Elite War Wagon
uselessplayer
2:58 Loom
12:30 Feudal Age
18:17 Wheelbarrow
21:36 Castle Age
19:27 Town Watch
21:43 Castle Age
20:30 Stone Mining
20:21 Horse Collar
20:28 Double-Bit Axe
20:40 Gold Mining
24:08 Fletching
24:48 Padded Archer Armor
24:45 Bodkin Arrow
26:10 Leather Archer Armor
33:16 Gold Shaft Mining
36:45 Masonry
37:10 Ballistics
37:05 Masonry
37:15 Thumb Ring
41:59 Imperial Age
40:45 Stone Shaft Mining
kevinrgarciab
14:45 Feudal Age
15:32 Fishing Lines
19:58 Castle Age
18:32 Town Watch
19:23 Wheelbarrow
20:27 Double-Bit Axe
20:55 Loom
21:30 Gillnets
22:47 Stone Mining
25:58 Fletching
26:15 Scale Barding Armor
28:55 Bow Saw
29:51 Hand Cart
32:35 Horse Collar
32:48 Gold Mining
36:44 Imperial Age
36:30 Bodkin Arrow
36:37 Padded Archer Armor
36:58 Chain Barding Armor
36:51 Forging
37:14 Ballistics
37:05 Masonry
37:06 Careening
36:55 Murder Holes
36:50 Capped Ram
37:57 Drill
38:05 Conscription
37:59 Siege Ram
41:40 Elite Mangudai
45:44 Chemistry
49:30 Crossbowman
49:34 Elite Skirmisher
50:22 Thumb Ring
50:49 Bracer
51:05 Leather Archer Armor
51:26 Iron Casting
50:51 Scale Mail Armor
51:51 Gold Shaft Mining
55:27 Blast Furnace
54:42 Chain Mail Armor
brain888hk
4:12 Loom
15:41 Feudal Age
19:57 Castle Age
17:56 Gold Mining
17:54 Horse Collar
19:25 Fletching
19:35 Padded Archer Armor
19:37 Stone Mining
20:57 Medium Warships
20:58 Double-Bit Axe
22:14 Squires
22:01 Arson
22:23 Scale Mail Armor
22:35 Forging
24:28 Wheelbarrow
34:53 Chain Mail Armor
41:42 Bodkin Arrow
42:17 Ballistics
45:44 Red Cliffs Tactics
53:33 Imperial Age
51:18 Hand Cart
50:54 Town Watch
51:24 Hand Cart
Connection lost

Rejoining the realm…

Still unreachable

The connection could not be restored.

Session expired

The server has moved on; the page needs a fresh start.